 Dungeon Crawl Stone Soup version 0.31-a0-259-g771a54c (webtiles) character file.

Game seed: 7342133616095692744

2 Dawnplanks the Changeling (level 1, -1/11 HPs)
             Began as a Vine Stalker Shapeshifter on July 13, 2023.
             Slain by a kobold
             ... wielding a +0 club
              (3 damage)
             ... on level 1 of the Dungeon.
             The game lasted 00:00:57 (79 turns).

Dawnplanks the Changeling (Vine Stalker Shapeshifter) Turns: 79, Time: 00:00:58

Health: -1/11      AC:  2    Str: 17    XL:     1   Next: 30%
Magic:  0/2        EV: 12    Int:  8    God:
Gold:   0          SH:  0    Dex: 14    Spells: 0/0 levels left

rFire   . . .        e - +0 demon blade
rCold   . . .        (no shield)
rNeg    . . .        a - +0 animal skin
rPois   .            (helmet currently unavailable)
rElec   .            (cloak currently unavailable)
rCorr   .            (gloves currently unavailable)
SInv    .            (boots currently unavailable)
Will    +....        (no amulet)
Stlth   +            d - ring of willpower
HPRegen 0.21/turn    (no ring)
MPRegen 0.08/turn

%: guardian spirit
@: beast-form
A: beast (slay +2), fangs 2, magic shield, antimagic bite, no potion heal 2
a: Begin Untransformation


You were on level 1 of the Dungeon.
You were a hulking beast.
You visited 1 branch of the dungeon, and saw 1 of its levels.

Inventory:

Hand Weapons
 e - a +0 demon blade (weapon)
Armour
 a - a +0 animal skin (worn)
Jewellery
 d - a ring of willpower (left hand)
Talismans
 c - a beast talisman
Potions
 b - a potion of lignification


   Skills:
 + Level 1.7 Fighting
 + Level 1.5 Dodging
 + Level 2.0 Unarmed Combat
 + Level 3.0 Shapeshifting


You couldn't memorise any spells.
You didn't know any spells.
Your spell library was empty.

Dungeon Overview and Level Annotations

Branches:
Dungeon (1/15)

Altars:


Innate Abilities, Weirdness & Mutations

You are a hulking beast.
Your limbs bulge with bestial killing power. (Slay +2)
You have extremely sharp teeth.
When hurt, damage is shared between your health and your magic reserves.
Your bite disrupts and absorbs the magic of your enemies.
Potions cannot restore your health.


Message History

You open the large door.
There is a large open door here.
There is a large open door here.
A goblin comes into view. It is wielding a +0 dagger.
Found 14 gold pieces.
e - a +0 demon blade (weapon)
2 kobolds come into view.
The kobold shouts!
The goblin barely misses you.
You closely miss the goblin.
The kobold shouts!
You bite the goblin. You drain its power.
The goblin is moderately wounded.
The goblin hits you but does no damage.
You closely miss the goblin. Your bite misses the goblin.
The goblin is moderately wounded.
The goblin hits you with a +0 dagger.
You closely miss the goblin. You bite the goblin.
You kill the goblin!
The kobold throws a stone.
The stone hits you.
You are too injured to fight recklessly!
You are too injured to fight recklessly!
You are too injured to fight recklessly!
The kobold throws a stone.
The stone closely misses you. The kobold hits you but does no damage.
The kobold barely misses you.
A frilled lizard comes into view.
You closely miss the kobold. The kobold closely misses you.
The kobold hits you with a +0 short sword.
The kobold hits you but does no damage.
The kobold hits you with a +0 short sword.
You closely miss the kobold.
The kobold hits you with a +0 short sword.
The kobold hits you with a +0 club.
* * * LOW HITPOINT WARNING * * *
You slash the kobold!
You kill the kobold!
The kobold closely misses you.
You barely miss the kobold. Your bite misses the kobold.
The kobold hits you with a +0 club.
You die...

## ≈≈.#.# .. . ♣~
#######≈.#.### .. ..
8####8...>#≈.#... .#..#
....'.....#≈.#..# .⌠...#
'#8##8...8#≈.#..#####...#.#
'######'###≈.#..##..).....#
...♣♣##.#~#≈....##........#
....~♣#.8♣♣≈.##.##......$..
.....#8.#~#≈.#..hKl.......#
♣~...##.###≈.######.......#
8♣...++..''..# .........
♣~...##.###≈.# ##.#...##
.....#8.#~#≈.# ....##
....~♣#.8 ♣≈.# ......
...♣♣##.# #≈.# ......
'######'###≈.#
'#8##8...8#≈.#


You could see a kobold and a frilled lizard.

Vanquished Creatures
  A goblin (D:1)
  A kobold (D:1)
2 creatures vanquished.

Notes
Turn   | Place    | Note
-------+----------+-------------------------------------------
     0 | D:1      | Dawnplanks the Vine Stalker Shapeshifter began the quest
                  | for the Orb.
     0 | D:1      | Reached XP level 1. HP: 11/11 MP: 2/2
    79 | D:1      | Slain by a kobold

Illustrated notes

Levels and vault maps discovered:
D:1:      saegor_arrival_fortress, layout_basic,
          hellmonk_ecumenical_altar_inner_sanctum, hangedman_feature_mirror

Action                     || total
---------------------------++-------
  Melee: Demon blade       ||     7
         Bite              ||     2
 Armour: Animal skin       ||     3
  Dodge: Dodged            ||     5

Table legend: (Time is in decaauts)
 A = Elapsed time spent in this place.
 B = Non-inter-level travel time spent in this place.
 C = Inter-level travel time spent in this place.
 D = Time resting spent in this place.
 E = Time spent auto-exploring this place.
 F = Levels seen in this place.
 G = Mean time per level.
                   A        B        C        D        E       F      G
               +--------+--------+--------+--------+--------+-----+--------+
         Total |     79 |     74 |      5 |      0 |     54 |   1 |   79.0 |
       Dungeon |     79 |     74 |      5 |      0 |     54 |   1 |   79.0 |
               +--------+--------+--------+--------+--------+-----+--------+

Top non-repeatable levels by time:
     D:1: 79 daAuts
